AoeStats
← Unknown

Black Forest

509957248Analyzed
4v4 RM · 4d ago on Sep 28, 2026· 51m 22s· 8 players
Game mode
Random Map
Map size
Large (8 player)
Population
200
Speed
Normal
Resources
Standard
Victory
Conquest
Starting age
Dark Age
Ending age
Imperial Age
RankedLock teamsTeams togetherTeam positionsShared explorationLock speedFull tech treeHidden civsTurbo modeCheats
Victory
Defeat
🇸🇪 Danes · Sweden
1205
+16
🇵🇪 Huns · Peru
1185
+16
🇦🇷 Saxons · Argentina
1154
+18
🇸🇪 Saracens · Sweden
1149
+18
🇸🇪 Slavs · Sweden
1258
-19
🇸🇪 Magyars · Sweden
1233
-19
🇸🇪 Danes · Sweden
1196
-17
🇸🇪 Lithuanians · Sweden
1088
-13
pity.grillo26
0:57 Loom
16:19 Feudal Age
21:49 Castle Age
20:07 Double-Bit Axe
20:34 Town Watch
20:32 Horse Collar
23:17 Wheelbarrow
24:46 Bow Saw
26:14 Hand Cart
29:24 Fletching
30:34 Scale Mail Armor
31:15 Forging
32:02 Chain Mail Armor
33:23 Heavy Plow
35:26 Gold Mining
38:25 Imperial Age
36:33 Stone Mining
36:34 Gold Mining
36:59 Squires
36:47 Arson
38:01 Iron Casting
38:22 Caravan
39:31 Elite Hearth Troop
41:33 Bodkin Arrow
42:11 Plate Mail Armor
43:12 Bodkin Arrow
42:46 Shield Wall
43:55 Bracer
44:20 Padded Archer Armor
44:43 Conscription
44:31 Cranequins
45:55 Leather Archer Armor
45:59 Heavy Mounted Crossbowman
46:45 Thumb Ring
47:16 Ballistics
47:56 Chemistry
47:50 Hoardings
49:13 Guilds
50:21 Chemistry
50:28 Two-Man Saw
50:16 Sanctity
50:28 Ring Archer Armor
51:47 Siege Engineers
Gustavus Adolphus
2:23 Loom
12:41 Feudal Age
16:58 Castle Age
16:55 Scale Mail Armor
17:28 Double-Bit Axe
17:25 Horse Collar
18:03 Chain Mail Armor
19:06 Gambesons
24:30 Bow Saw
26:39 Wheelbarrow
27:41 Heavy Plow
28:02 Hand Cart
28:51 Gold Mining
29:23 Stone Mining
30:18 Forging
31:53 Iron Casting
33:50 Imperial Age
31:52 Squires
31:17 Man-at-Arms
34:37 Gold Shaft Mining
33:44 Long Swordsman
34:10 Arson
35:07 Plate Mail Armor
34:57 Masonry
34:50 Two-Handed Swordsman
35:55 Conscription
36:53 Blast Furnace
35:20 Hamask
36:36 Caravan
36:43 Champion
37:32 Capped Ram
38:51 Elite Jomsviking
40:47 Siege Ram
41:03 Northmen's Fury
50:55 Fletching
52:12 Chemistry
51:32 Ballistics
Hans Solo
10:52 Feudal Age
15:34 Castle Age
14:27 Double-Bit Axe
16:53 Bow Saw
22:51 Horse Collar
23:35 Heavy Plow
26:17 Gold Mining
28:21 Wheelbarrow
27:42 Stone Mining
28:58 Gold Shaft Mining
30:52 Hand Cart
37:48 Imperial Age
35:48 Forging
35:44 Scale Barding Armor
36:09 Town Watch
36:11 Loom
37:08 Iron Casting
37:08 Loom
37:24 Town Patrol
38:07 Chain Barding Armor
38:20 Husbandry
38:32 Bloodlines
37:44 Light Cavalry
38:53 Conscription
37:54 Elite Mameluke
40:07 Two-Man Saw
39:18 Caravan
39:48 Coinage
39:24 Pikeman
42:15 Blast Furnace
41:06 Hussar
42:49 Banking
47:33 Squires
47:19 Arson
47:41 Scale Mail Armor
48:19 Plate Barding Armor
47:45 Scale Mail Armor
Unknown
10:29 Feudal Age
14:07 Castle Age
12:11 Double-Bit Axe
12:48 Horse Collar
20:30 Bow Saw
23:26 Wheelbarrow
23:39 Town Watch
24:02 Heavy Plow
25:05 Hand Cart
30:14 Imperial Age
28:01 Loom
28:17 Town Patrol
28:43 Scale Barding Armor
28:48 Forging
28:43 Marauders
29:11 Husbandry
29:22 Bloodlines
30:34 Chain Barding Armor
30:50 Iron Casting
30:28 Elite Tarkan
31:58 Plate Barding Armor
33:30 Blast Furnace
40:59 Fletching
43:41 Conscription
45:11 Two-Man Saw
Westbergen
11:02 Feudal Age
15:07 Castle Age
14:11 Double-Bit Axe
14:07 Horse Collar
24:38 Bow Saw
25:41 Wheelbarrow
25:51 Wheelbarrow
26:34 Caravan
28:16 Heavy Plow
29:43 Hand Cart
29:53 Scale Barding Armor
30:00 Forging
30:59 Bloodlines
34:21 Imperial Age
32:51 Pikeman
33:31 Squires
33:17 Arson
34:27 Halberdier
34:33 Cavalier
36:52 Paladin
37:34 Husbandry
38:07 Chain Barding Armor
38:23 Iron Casting
39:07 Scale Mail Armor
39:43 Plate Barding Armor
44:18 Chemistry
43:38 Ballistics
45:09 Elite Leitis
LilleSkutt
1:15 Loom
11:37 Feudal Age
15:53 Castle Age
14:08 Double-Bit Axe
14:32 Horse Collar
16:51 Bow Saw
30:40 Imperial Age
28:03 Town Watch
27:52 Pikeman
28:32 Squires
29:26 Gold Mining
31:53 Wheelbarrow
31:24 Scale Mail Armor
31:35 Forging
30:47 Onager
33:08 Two-Man Saw
33:29 Conscription
33:44 Heavy Plow
33:13 Halberdier
36:13 Chemistry
36:09 Iron Casting
35:50 Chain Mail Armor
35:39 Druzhina
35:40 Detinets
35:43 Druzhina
36:04 Siege Engineers
37:02 Elite Boyar
38:18 Hoardings
39:06 Plate Mail Armor
39:36 Blast Furnace
38:42 Scale Barding Armor
39:11 Ballistics
39:26 Bloodlines
39:17 Husbandry
39:33 Caravan
39:19 Siege Onager
41:28 Town Patrol
41:43 Hand Cart
48:47 Chain Barding Armor
48:08 Cavalier
Grymmaklumpen22
10:23 Feudal Age
14:49 Castle Age
13:18 Scale Barding Armor
14:05 Double-Bit Axe
16:46 Bloodlines
18:05 Loom
20:23 Bow Saw
22:04 Horse Collar
23:13 Wheelbarrow
24:35 Fletching
24:45 Padded Archer Armor
26:34 Hand Cart
26:29 Gold Mining
30:39 Imperial Age
28:41 Bodkin Arrow
29:36 Ballistics
30:12 Leather Archer Armor
31:41 Bracer
33:39 Chemistry
33:12 Coinage
32:56 Thumb Ring
33:17 Heavy Cavalry Archer
36:32 Parthian Tactics
36:58 Husbandry
36:29 Pikeman
36:54 Arson
37:10 Scale Mail Armor
37:04 Halberdier
38:05 Chain Mail Armor
42:09 Banking
41:41 Caravan
44:29 Conscription
J.D.Rehn
0:29 Loom
18:40 Feudal Age
20:07 Double-Bit Axe
21:26 Horse Collar
26:50 Castle Age
25:19 Stone Mining
26:55 Gold Mining
27:57 Bow Saw
29:08 Heavy Plow
35:51 Fletching
45:17 Wheelbarrow
45:49 Gambesons
47:16 Scale Mail Armor
47:27 Forging
Connection lost

Rejoining the realm…

Still unreachable

The connection could not be restored.

Session expired

The server has moved on; the page needs a fresh start.